 Dungeon Crawl Stone Soup version 0.20.1-1-g8b1a95d (webtiles) character file.

15205 grizmgrazm2 the Basher (level 11, -10/99 HPs)
             Began as a Minotaur Fighter on Oct 11, 2017.
             Was the Champion of Okawaru.
             Mangled by an eight-headed hydra (11 damage)
             ... on level 1 of the Lair of Beasts.
             The game lasted 00:28:25 (9761 turns).

grizmgrazm2 the Basher (Minotaur Fighter)           Turns: 9761, Time: 00:28:27

Health: -10/99     AC: 15    Str: 29    XL:     11   Next: 98%
Magic:  9/11       EV: 16    Int:  8    God:    Okawaru [******]
Gold:   408        SH: 15    Dex: 10    Spells: 10/10 levels left

rFire    + . .     SeeInvis .   I - +5 flail (holy)
rCold    + . .     Gourm    .   c - +0 shield
rNeg     . . .     Faith    .   P - +2 scale mail {rPois}
rPois    +         Spirit   .   O - +2 hat {Int+3}
rElec    +         Reflect  .   (no cloak)
rCorr    +         Harm     .   s - +0 pair of gloves
MR       +....                  (no boots)
Stlth    +.........             (no amulet)
Regen    0.3/turn               R - ring of protection from magic
MPRegen  0.2/turn               t - +5 ring of strength

@: resistant, heroism
A: retaliatory headbutt, horns 2
a: Heroism, Finesse, Renounce Religion


You were on level 1 of the Lair of Beasts.
You worshipped Okawaru.
Okawaru was exalted by your worship.
You were hungry.

You visited 2 branches of the dungeon, and saw 11 of its levels.

You collected 618 gold pieces.
You spent 210 gold pieces at shops.

Inventory:

Hand Weapons
 G - a +2 flail of freezing
 H - a +0 antimagic quarterstaff
 I - a +5 flail of holy wrath (weapon)
Armour
 c - a +0 shield (worn)
 j - a +2 scale mail of fire resistance
 s - a +0 pair of gloves (worn)
 O - a +2 hat of intelligence (worn)
 P - a +2 scale mail of poison resistance (worn)
Jewellery
 p - a +4 ring of intelligence
 r - an uncursed ring of protection from cold
 t - a +5 ring of strength (right hand)
 B - an uncursed ring of protection from fire
 N - an uncursed ring of protection from fire
 R - a ring of protection from magic (left hand)
Wands
 a - a wand of confusion (9/48)
 q - a wand of iceblast (15/15)
 x - a wand of polymorph (14/24)
 y - a wand of flame (26/48)
 E - a wand of random effects (25/48)
 F - a wand of flame (43/48)
Scrolls
 l - 2 scrolls of blinking
 m - 6 scrolls of remove curse
 v - a scroll of teleportation
 w - a scroll of magic mapping
 D - 2 scrolls of amnesia
 J - a scroll of fog
 L - 3 scrolls of recharging
 M - 3 scrolls of identify
 Q - a scroll of holy word {unknown}
Potions
 b - a potion of mutation
 k - 2 potions of brilliance
 o - a potion of invisibility
 u - a potion of magic
 z - 2 potions of agility
 C - a potion of cancellation
Books
 d - a book of Geomancy

   Spells                             Type                      Level
   a - Sandblast                      Earth                        1
   b - Passwall                       Transmutation/Earth          2
   c - Stone Arrow                    Conjuration/Earth            3
   d - Petrify                        Transmutation/Earth          4
   e - Lee's Rapid Deconstruction     Earth                        5
 e - a book of Callings

   Spells                             Type                      Level
   a - Summon Small Mammal            Summoning                    1
   b - Call Imp                       Summoning                    2
   c - Call Canine Familiar           Summoning                    3
   d - Summon Guardian Golem          Hexes/Summoning              3
   e - Summon Lightning Spire         Summoning/Air                4
   f - Summon Ice Beast               Ice/Summoning                4
 i - a book of Ice

   Spells                             Type                      Level
   a - Ice Form                       Ice/Transmutation            4
   b - Metabolic Englaciation         Hexes/Ice                    5
   c - Ozocubu's Refrigeration        Ice                          6
   d - Bolt of Cold                   Conjuration/Ice              6
   e - Freezing Cloud                 Conjuration/Ice/Air          6
   f - Simulacrum                     Ice/Necromancy               6
 K - Sif Muna's Primer on Spellcraft
   (You found it on level 9 of the Dungeon)

   Spells                             Type                      Level
   a - Searing Ray                    Conjuration                  2
   b - Ensorcelled Hibernation        Hexes/Ice                    2
   c - Poisonous Vapours              Poison/Air                   2
   d - Call Imp                       Summoning                    2
   e - Sticks to Snakes               Transmutation                2
Comestibles
 f - 5 bread rations
 g - 11 royal jellies
 h - 5 meat rations
 n - 17 fruits


   Skills:
 + Level 10.0(15.0) Fighting
 + Level 13.5(18.5) Maces & Flails
 + Level 10.3(15.3) Armour
 + Level 6.4(11.4) Dodging
 + Level 11.6(16.6) Shields
 + Level 1.8 Invocations


You had 10 spell levels left.
You didn't know any spells.

Dungeon Overview and Level Annotations

Branches:
Dungeon (10/15)            Temple (0/1) D:7            Lair (1/6) D:10
    Orc: D:9-12

Altars:
Cheibriados
Dithmenos
Elyvilon
Fedhas
Gozag
Nemelex Xobeh
Okawaru
Ru
Sif Muna
Uskayaw
Xom
Zin
The Shining One

Shops:
D:6 =   D:7 *   D:10 *

Annotations:
D:7 2 transporters


Innate Abilities, Weirdness & Mutations

You reflexively headbutt those who attack you in melee.
You have a pair of horns on your head.


Message History

The eight-headed hydra completely misses you.
You sock the eight-headed hydra!
The eight-headed hydra is severely wounded.
You block the eight-headed hydra's attack. x2
The eight-headed hydra bites you!
* * * LOW HITPOINT WARNING * * *
The eight-headed hydra bites you but does no damage.
You block the eight-headed hydra's attack.
The eight-headed hydra bites you but does no damage. x2
You block the eight-headed hydra's attack.
You completely miss the eight-headed hydra.
You headbutt the eight-headed hydra.
The eight-headed hydra is severely wounded.
You hit the eight-headed hydra.
The eight-headed hydra is almost dead.
You block the eight-headed hydra's attack.
The eight-headed hydra bites you!
* * * LOW HITPOINT WARNING * * *
The eight-headed hydra bites you!
You die...

####........
##..###(...
#P.## .P#
#..# ## #.##
#..# .
##.###### ...
#..#...#..##
#.#...@D....#
###........##
##...###.#
#.∩## .# .)##
#... ...#
#....


You could see an eight-headed hydra.

Vanquished Creatures
  3 two-headed ogres
  Sonja (Lair:1)
  The ghost of Atash the Cleaver, a novice MiBe of Trog (D:6)
  A deep elf archer (D:10)
  An orc knight (D:10)
  A wolf spider (D:10)
  A black mamba (Lair:1)
  A spiny frog (Lair:1)
  2 trolls
  A merfolk (shapeshifter) (D:10)
  A komodo dragon (Lair:1)
  A queen bee (D:8)
  A meliai (D:10)
  Prince Ribbit (D:9)
  A hornet (D:9)
  8 blink frogs (Lair:1)
  3 hippogriffs
  A hungry ghost (D:8)
  5 yaks (Lair:1)
  2 vampire mosquitoes (D:9)
  2 hell hounds (D:10)
  A water moccasin (D:5)
  2 porcupines (Lair:1)
  5 ice beasts
  3 sky beasts
  An ogre (D:6)
  A necrophage (D:10)
  2 centaurs
  2 crocodiles (Lair:1)
  A big kobold (D:7)
  2 bullfrogs
  Blork the orc (D:6)
  A water moccasin zombie (D:9)
  2 scorpions (D:5)
  34 killer bees
  3 wights (D:9)
  5 crimson imps
  A quasit (D:8)
  A bullfrog zombie (D:6)
  5 orc priests
  A gnoll shaman (D:10)
  6 hounds
  2 jellies (D:10)
  2 bullfrog skeletons
  8 orc wizards
  A centaur skeleton (D:10)
  3 iguanas
  8 worker ants
  4 hell rats (Lair:1)
  2 hound zombies
  9 gnolls
  A worker ant zombie (D:10)
  10 adders
  A howler monkey skeleton (D:7)
  5 river rats (Lair:1)
  9 shadow imps
  An ooze (D:3)
  3 adder skeletons
  5 worms
  3 dart slugs
  4 leopard geckos
  25 orcs
  9 bats
  2 giant cockroaches
  5 hobgoblins
  11 jackals
  2 quokkas (D:8)
  2 ball pythons
  7 frilled lizards
  10 goblins
  A jackal skeleton (D:5)
  11 kobolds
  3 leopard gecko skeletons
  A leopard gecko zombie (D:4)
  2 quokka skeletons
  A quokka zombie (D:3)
  10 rats
302 creatures vanquished.

Notes
Turn   | Place    | Note
-------+----------+-------------------------------------------
     0 | D:1      | grizmgrazm2 the Minotaur Fighter began the quest for the Orb.
     0 | D:1      | Reached XP level 1. HP: 19/19 MP: 0/0
    80 | D:1      | Reached XP level 2. HP: 8/27 MP: 1/1
   503 | D:2      | Reached XP level 3. HP: 26/33 MP: 2/2
   835 | D:2      | Reached skill level 3 in Maces & Flails
  1011 | D:3      | Reached XP level 4. HP: 41/41 MP: 3/3
  1177 | D:3      | You fall through a shaft!
  1703 | D:3      | Found a shimmering altar of Xom.
  1707 | D:3      | Reached XP level 5. HP: 39/47 MP: 4/4
  2142 | D:4      | Reached skill level 4 in Maces & Flails
  2142 | D:4      | Reached skill level 1 in Dodging
  2146 | D:4      | Reached skill level 5 in Armour
  2249 | D:4      | Found a deep blue altar of Sif Muna.
  2288 | D:4      | Found a white marble altar of Elyvilon.
  2289 | D:4      | Found a snail-covered altar of Cheibriados.
  2294 | D:4      | Found a sparkling altar of Nemelex Xobeh.
  2294 | D:4      | Found a glowing golden altar of the Shining One.
  2301 | D:4      | Found an iron altar of Okawaru.
  2315 | D:4      | Became a worshipper of Warmaster Okawaru
  2384 | D:5      | Entered Level 5 of the Dungeon
  2517 | D:5      | Reached skill level 5 in Fighting
  2517 | D:5      | Reached XP level 6. HP: 11/56 MP: 5/5
  3165 | D:5      | Reached skill level 5 in Maces & Flails
  3185 | D:5      | Reached * piety under Okawaru
  3276 | D:5      | Reached skill level 5 in Shields
  3319 | D:5      | Reached XP level 7. HP: 33/61 MP: 6/6
  3519 | D:5      | Reached skill level 6 in Maces & Flails
  3608 | D:6      | Noticed Blork the orc
  3644 | D:6      | Killed Blork the orc
  3654 | D:6      | Noticed Atash's ghost (novice MiBe)
  4078 | D:6      | Killed Atash's ghost
  4078 | D:6      | Reached ** piety under Okawaru
  4078 | D:6      | Reached *** piety under Okawaru
  4078 | D:6      | Reached skill level 7 in Maces & Flails
  4078 | D:6      | Reached XP level 8. HP: 23/70 MP: 7/7
  4260 | D:6      | Reached skill level 8 in Maces & Flails
  4454 | D:6      | Found Dirup's Jewellery Shoppe.
  4697 | D:7      | Noticed a dagger
  4697 | D:7      | Noticed a dagger
  4700 | D:7      | Found a hide-covered altar of Uskayaw.
  4763 | D:7      | Found a transporter.
  4767 | D:7      | Noticed an orc sorcerer
  4767 | D:7      | Noticed a kobold demonologist
  4768 | D:7      | Noticed a kobold demonologist
  4779 | D:7      | Found a transporter.
  4790 | D:7      | Noticed a hippogriff
  4808 | D:7      | Killed a hippogriff
  4808 | D:7      | Reached skill level 9 in Maces & Flails
  4808 | D:7      | Reached XP level 9. HP: 39/78 MP: 8/8
  4819 | D:7      | Found Innus's General Store.
  4841 | D:7      | Bought a potion of heal wounds for 70 gold pieces
  4841 | D:7      | Bought a potion of heal wounds for 70 gold pieces
  4883 | D:7      | Found a blossoming altar of Fedhas.
  5118 | D:7      | Reached **** piety under Okawaru
  5230 | D:7      | Found a staircase to the Ecumenical Temple.
  5292 | D:7      | Found a glowing silver altar of Zin.
  5671 | D:7      | Noticed a troll
  5694 | D:7      | Killed a troll
  5830 | D:8      | Reached skill level 10 in Maces & Flails
  6356 | D:8      | Found a shadowy altar of Dithmenos.
  6377 | D:8      | Noticed a queen bee
  6397 | D:8      | Killed a queen bee
  6491 | D:8      | Reached XP level 10. HP: 55/88 MP: 9/9
  6561 | D:8      | Noticed a two-headed ogre
  6571 | D:8      | Killed a two-headed ogre
  6571 | D:8      | Reached ***** piety under Okawaru
  7531 | D:9      | Identified Sif Muna's Primer on Spellcraft
  7545 | D:9      | Paralysed by a hornet for 3 turns
  7549 | D:9      | Reached skill level 11 in Maces & Flails
  7758 | D:9      | Noticed a two-headed ogre
  7773 | D:9      | Killed a two-headed ogre
  7773 | D:9      | Received a gift from Okawaru
  7773 | D:9      | Reached skill level 5 in Dodging
  7777 | D:9      | Reached skill level 1 in Invocations
  7844 | D:9      | Noticed Prince Ribbit
  7855 | D:9      | Killed Prince Ribbit
  8183 | D:9      | Reached skill level 10 in Shields
  8229 | D:10     | Entered Level 10 of the Dungeon
  8229 | D:10     | Found a staircase to the Lair.
  8302 | D:10     | Reached skill level 12 in Maces & Flails
  8410 | D:10     | Reached XP level 11. HP: 76/95 MP: 10/10
  8485 | D:10     | Found a transporter.
  8487 | D:10     | Noticed a deep elf archer
  8487 | D:10     | Noticed a wolf spider
  8491 | D:10     | Noticed an orc knight
  8495 | D:10     | Found a transporter.
  8517 | D:10     | Killed a deep elf archer
  8520 | D:10     | Killed a wolf spider
  8538 | D:10     | Killed an orc knight
  8648 | D:10     | Found Vimeh's General Store.
  8651 | D:10     | Bought a meat ration for 70 gold pieces
  8698 | D:10     | Noticed a two-headed ogre
  8707 | D:10     | Killed a two-headed ogre
  8707 | D:10     | Received a gift from Okawaru
  8723 | D:10     | Found a shimmering altar of Xom.
  8725 | D:10     | Found a burning altar of Makhleb.
  8725 | D:10     | Found a glowing silver altar of Zin.
  8727 | D:10     | Found a sacrificial altar of Ru.
  8727 | D:10     | Found a hide-covered altar of Uskayaw.
  8727 | D:10     | Found an opulent altar of Gozag.
  8879 | Lair:1   | Entered Level 1 of the Lair of Beasts
  9049 | Lair:1   | Reached skill level 13 in Maces & Flails
  9056 | Lair:1   | Reached ****** piety under Okawaru
  9056 | Lair:1   | Reached skill level 10 in Armour
  9341 | Lair:1   | Noticed Sonja
  9350 | Lair:1   | Killed Sonja
  9737 | Lair:1   | Reached skill level 10 in Fighting
  9749 | Lair:1   | Noticed an eight-headed hydra
  9761 | Lair:1   | HP: 1/99 [eight-headed hydra (9)]
  9761 | Lair:1   | Mangled by an eight-headed hydra

Skill      XL: |  1  2  3  4  5  6  7  8  9 10 11 |
---------------+----------------------------------+-----
Shields        | 4 5 6 7 8 10 11 | 11.6
Fighting       | 4 5 6 7 8 10 | 10.0
Armour         | 4 5 7 8 9 10 | 10.3
Maces & Flails | 3 4 5 7 9 10 12 13 | 13.5
Dodging        | 1 2 3 4 5 6 |  6.4
Invocations    | 1 |  1.8

Action                   |  1- 3 |  4- 6 |  7- 9 | 10-12 || total
-------------------------+-------+-------+-------+-------++-------
Melee: Flail             |    94 |   153 |   335 |   401 ||   983
       Headbutt          |    11 |    24 |    71 |    72 ||   178
Invok: Heroism           |       |       |     2 |     5 ||     7
       Finesse           |       |       |       |     1 ||     1
  Use: Scroll            |     4 |     1 |     5 |    12 ||    22
       Potion            |       |     4 |     2 |     8 ||    14
 Stab: Distracted        |       |       |     1 |       ||     1
  Eat: Chunk             |       |     4 |       |     3 ||     7
       Fruit             |       |     1 |       |       ||     1
       Bread ration      |       |     2 |     1 |       ||     3
       Meat ration       |       |       |     1 |     1 ||     2
Armor: Scale mail        |    41 |    71 |   126 |   109 ||   347
Dodge: Dodged            |    52 |    47 |   124 |   139 ||   362
Block: Shield            |    31 |    67 |   227 |   252 ||   577
